 Dungeon Sprint DCSS version 0.28-a0-872-g80cf8599ee (webtiles) character file.

Game seed: 12891587513101120065

2083 tatocazan the Blocker (level 9, -1/92 HPs)
             Began as a Minotaur Fighter on Nov 20, 2021.
             Was an Elder of Okawaru.
             Killed from afar by a gargoyle (12 damage)
             ... with a stone arrow
             ... in the Dungeon (Sprint IX: "|||||||||||||||||||||||||||||").
             The game lasted 00:01:34 (788 turns).

tatocazan the Blocker (Minotaur Fighter)             Turns: 788, Time: 00:01:35

Health: -1/92      AC: 16    Str: 24    XL:     9   Next: 6%
Magic:  8/8        EV: 10    Int:  8    God:    Okawaru [****..]
Gold:   0          SH:  7    Dex: 10    Spells: 8/8 levels left

rFire   . . .      SeeInvis .   m - +2 scimitar (holy)
rCold   . . .      Faith    .   c - +0 buckler
rNeg    . . .      Spirit   .   r - +1 chain mail
rPois   .          Reflect  .   (helmet restricted)
rElec   .          Harm     .   n - +0 cloak
rCorr   .          Rampage  .   o - +0 pair of gloves
Will    .....      NoTele   +   (no boots)
Stlth   ..........              (no amulet)
HPRegen 0.25/turn               p - +2 ring of evasion
MPRegen 0.11/turn               q - +3 ring of intelligence

@: on berserk cooldown, slowed, very slow
A: horns 2, retaliatory headbutt
a: Renounce Religion, Heroism, Finesse


You were in the Dungeon.
You worshipped Okawaru.
Okawaru was greatly pleased with you.
You visited 1 branch

Inventory:

Hand Weapons
 a - a +0 long sword
 m - a +2 scimitar of holy wrath (weapon)
Armour
 b - a +0 scale mail
 c - a +0 buckler (worn)
 n - a +0 cloak (worn)
 o - a +0 pair of gloves (worn)
 r - a +1 chain mail (worn)
Jewellery
 p - a +2 ring of evasion (left hand)
 q - a +3 ring of intelligence (right hand)
Wands
 l - a wand of acid (10)
Scrolls
 j - 2 scrolls of blinking
 k - 2 scrolls of amnesia
Potions
 d - a potion of invisibility
 e - 3 potions of curing
 g - a potion of haste
 h - 4 potions of magic


   Skills:
 + Level 12.8 Fighting
 + Level 12.5 Long Blades
 + Level 12.7 Armour
 + Level 12.8 Shields


You had 8 spell levels left.
You didn't know any spells.
Your spell library was empty.

Dungeon Overview and Level Annotations

Branches:
Dungeon (1/1)

Altars:
Cheibriados
Dithmenos
Elyvilon
Fedhas
Gozag
Hepliaklqana
Kikubaaqudgha
Makhleb
Nemelex Xobeh
Okawaru
Qazlal
Ru
Sif Muna
Trog
Uskayaw
Vehumet
Wu Jian
Xom
Yredelemnul
Zin
The Shining One
Beogh
Jiyva
Lugonu


Innate Abilities, Weirdness & Mutations

You have a pair of horns on your head.
You reflexively headbutt those who attack you in melee.


Message History

You regained 22 hp, and now have 43/92 hp.
You slash the gargoyle!
The gargoyle is moderately damaged.
The gargoyle hits you with a +0 mace!
You take 13 damage, and have 30/92 hp.
You hit the gargoyle but do no damage.
The gargoyle is moderately damaged.
The gargoyle hits you but does no damage.
You hit the gargoyle but do no damage.
The gargoyle is moderately damaged.
The gargoyle hits you with a +0 mace!
* * * LOW HITPOINT WARNING * * *
You take 11 damage, and have 19/92 hp.
You slash the gargoyle!
The gargoyle is severely damaged.
The gargoyle hits you with a +0 mace.
* * * LOW HITPOINT WARNING * * *
You take 6 damage, and have 13/92 hp.
You feel better.
The gargoyle hurls a stone arrow at you.
You block the stone arrow.
The gargoyle hurls a stone arrow at you.
The stone arrow misses you.
You regained 11 hp, and now have 24/92 hp.
You barely miss the gargoyle.
You headbutt the gargoyle, but do no damage.
The gargoyle is severely damaged.
The gargoyle hurls a stone arrow at you.
The stone arrow hits you!!
* * * LOW HITPOINT WARNING * * *
You take 19 damage, and have 5/92 hp.
MASSIVE DAMAGE!!
You barely miss the gargoyle.
You headbutt the gargoyle, but do no damage.
The gargoyle is severely damaged.
The gargoyle closely misses you. You furiously retaliate!
You headbutt the gargoyle!
You feel better.
The gargoyle hurls a stone arrow at you.
The stone arrow hits you!
You die... ▓▓▓▓▓▓▓▓▓▓▓▓▓▓▓▓▓▓▓▓▓▓ +.s.9@.)....))'......) ▓▓▓▓▓▓▓▓▓▓▓▓▓▓▓▓▓▓▓▓▓▓

You could see an orb spider shaped shifter and a gargoyle.

Vanquished Creatures
  A tengu warrior (D)
  A cyclops (D)
  A slime creature (D)
  A yak (D)
  A wyvern (D)
  A shadow (D)
  An ice beast (D)
  An orc warrior (D)
  A necrophage (D)
  A centaur (D)
  2 gnoll sergeants (D)
  A hound (D)
  An orc wizard (D)
  2 bats (D)
  A giant cockroach (D)
  A jackal (D)
  A kobold (D)
  A frilled lizard (D)
20 creatures vanquished.

Notes
Turn   | Place    | Note
-------+----------+-------------------------------------------
     0 | D        | tatocazan the Minotaur Fighter began the quest for the Orb.
     0 | D        | Reached XP level 1. HP: 19/19 MP: 0/0
   102 | D        | Noticed a hound
   102 | D        | Noticed a centaur
   102 | D        | Noticed a necrophage
   102 | D        | Noticed an ice beast
   105 | D        | Killed an ice beast
   106 | D        | Reached skill level 5 in Long Blades
   106 | D        | Reached XP level 2. HP: 8/31 MP: 1/1
   106 | D        | Reached XP level 3. HP: 10/38 MP: 2/2
   106 | D        | Reached XP level 4. HP: 12/45 MP: 3/3
   115 | D        | Killed a necrophage
   116 | D        | Reached XP level 5. HP: 40/52 MP: 4/4
   119 | D        | Killed a centaur
   120 | D        | Reached XP level 6. HP: 42/62 MP: 5/5
   243 | D        | Found a snail-covered altar of Cheibriados.
   243 | D        | Found a shadowy altar of Dithmenos.
   243 | D        | Found a white marble altar of Elyvilon.
   243 | D        | Found a blossoming altar of Fedhas.
   243 | D        | Found an opulent altar of Gozag.
   244 | D        | Found a hazy altar of Hepliaklqana.
   245 | D        | Found a viscous altar of Jiyva.
   246 | D        | Found an ancient bone altar of Kikubaaqudgha.
   247 | D        | Found a corrupted altar of Lugonu.
   248 | D        | Found a burning altar of Makhleb.
   249 | D        | Found a sparkling altar of Nemelex Xobeh.
   250 | D        | Found an iron altar of Okawaru.
   251 | D        | Found a stormy altar of Qazlal.
   252 | D        | Found a sacrificial altar of Ru.
   253 | D        | Found a shimmering blue altar of Sif Muna.
   254 | D        | Found a bloodstained altar of Trog.
   255 | D        | Found a hide-covered altar of Uskayaw.
   256 | D        | Found a radiant altar of Vehumet.
   257 | D        | Found an ornate altar of the Wu Jian Council.
   258 | D        | Became a worshipper of Warmaster Okawaru
   259 | D        | Found a shimmering altar of Xom.
   260 | D        | Found a basalt altar of Yredelemnul.
   261 | D        | Found a glowing silver altar of Zin.
   262 | D        | Found a glowing golden altar of the Shining One.
   318 | D        | Noticed a yak
   318 | D        | Noticed an orc warrior
   318 | D        | Noticed a wyvern
   322 | D        | Killed a wyvern
   325 | D        | Reached * piety under Okawaru
   331 | D        | Killed an orc warrior
   332 | D        | Reached skill level 10 in Fighting
   332 | D        | Reached skill level 10 in Armour
   332 | D        | Reached skill level 10 in Shields
   332 | D        | Reached XP level 7. HP: 25/72 MP: 6/6
   342 | D        | Reached skill level 10 in Long Blades
   345 | D        | Killed a yak
   754 | D        | Noticed a komodo dragon
   754 | D        | Noticed a gargoyle
   754 | D        | Noticed a slime creature
   754 | D        | Noticed a cyclops
   754 | D        | Noticed a shadow
   754 | D        | Noticed a tengu warrior
   758 | D        | Noticed an orb spider
   758 | D        | a komodo dragon changed into an orb spider
   767 | D        | Killed a tengu warrior
   767 | D        | Reached ** piety under Okawaru
   767 | D        | Reached *** piety under Okawaru
   768 | D        | Reached XP level 8. HP: 70/83 MP: 7/7
   773 | D        | Killed a cyclops
   779 | D        | Killed a slime creature
   779 | D        | Reached **** piety under Okawaru
   780 | D        | Reached XP level 9. HP: 21/92 MP: 8/8
   788 | D        | Killed from afar by a gargoyle

Illustrated notes

Levels and vault maps discovered:
D:        linesprint [early_d, line_temple, items_1, d_10, items_2, lair_1,
          lair_end, items_3, orc_1, orc_end, items_4, d_15, swamp_1, shoals_1,
          snake_1, spider_1, d_20, vaults_1, items_5, swamp_end, shoals_end,
          snake_end, spider_end, vaults_end, d_27, items_6, zot_1, zot_end,
          crypt_end, forest_end, elf_end, slime_end, tomb_end, abyss_end,
          pan_hell_end]

Skill      XL: |  1  2  3  4  5  6  7  8 |
---------------+-------------------------+-----
Fighting       | 6 7 8 10 11 12 | 12.8
Armour         | 6 7 8 10 11 12 | 12.7
Shields        | 6 7 8 10 11 12 | 12.8
Long Blades    | 5 7 9 11 12 | 12.5

Action                   |  1- 3 |  4- 6 |  7- 9 || total
-------------------------+-------+-------+-------++-------
Melee: Long sword        |    15 |    16 |       ||    31
       Headbutt          |     1 |     5 |     9 ||    15
       Scimitar          |       |     8 |    40 ||    48
  Use: Potion            |     1 |     2 |     4 ||     7
Armor: Scale mail        |     7 |     9 |       ||    16
       Chain mail        |       |     6 |    19 ||    25
Dodge: Dodged            |     4 |    11 |    10 ||    25
Block: Buckler           |     4 |     7 |     8 ||    19

Table legend: (Time is in decaauts)
 A = Elapsed time spent in this place.
 B = Non-inter-level travel time spent in this place.
 C = Inter-level travel time spent in this place.
 D = Time resting spent in this place.
 E = Time spent auto-exploring this place.
 F = Levels seen in this place.
 G = Mean time per level.
                   A        B        C        D        E       F      G
               +--------+--------+--------+--------+--------+-----+--------+
         Total |    786 |    786 |      0 |    520 |     86 |   1 |  786.0 |
       Dungeon |    786 |    786 |      0 |    520 |     86 |   1 |  786.0 |
               +--------+--------+--------+--------+--------+-----+--------+

Top non-repeatable levels by time:
       D: 786 daAuts
